 Dungeon Crawl Stone Soup version 0.31.0-11-ge490571c62 (webtiles) character file.

Game seed: 11615619386889691296

8647 jasper the Nimble (level 11, -5/64 HPs)
             Began as a Deep Elf Earth Elementalist on Feb 2, 2024.
             Was an Elder of Sif Muna.
             Engulfed by a cloud of freezing vapour (40 damage)
             ... on level 11 of the Dungeon.
             The game lasted 00:15:10 (8822 turns).

jasper the Nimble (Deep Elf Earth Elementalist)     Turns: 8822, Time: 00:15:11

Health: -5/64      AC: 21    Str:  5    XL:     11   Next: 12%
Magic:  17/17      EV: 16    Int: 25    God:    Sif Muna [****..]
Gold:   470        SH:  6    Dex: 17    Spells: 2/16 levels left

rFire   . . .        A - +3 spear "Vaonn" {venom, Dex+2 SInv Stlth+}
rCold   . . .        h - +0 buckler
rNeg    . . .        B - +0 steam dragon scales
rPois   .            c - +2 helmet
rElec   .            U - +1 cloak
rCorr   .            (no gloves)
SInv    +            E - +2 pair of boots
Will    +....        d - amulet of magic regeneration
Stlth   +++          k - +4 ring of protection
HPRegen 0.30/turn    r - +4 ring of protection
MPRegen 0.55/turn

%: no passive effects
@: no status effects
A: no striking features
a: Renounce Religion, Channel Magic, Forget Spell, Divine Exegesis


You were on level 11 of the Dungeon.
You worshipped Sif Muna.
Sif Muna was greatly pleased with you.
You visited 3 branches of the dungeon, and saw 13 of its levels.

You collected 673 gold pieces.
You spent 203 gold pieces at shops.

Inventory:

Hand Weapons
 g - a +2 spear of electrocution
 n - a +3 dagger of venom
 q - a +0 morningstar
 A - the +3 spear "Vaonn" (weapon) {venom, Dex+2 SInv Stlth+}
   (You found it on level 6 of the Dungeon)

   Dex+2:     It affects your dexterity (+2).
   SInv:      It lets you see invisible.
   Stlth+:    It makes you more stealthy.
 O - the +4 great sword "Pasohem" {spect, rN+ Will+ rCorr}
   (You found it on level 9 of the Dungeon)

   rN+:       It protects you from negative energy.
   Will+:     It increases your willpower.
   rCorr:     It protects you from acid and corrosion.
Missiles
 f - 123 stones
 i - 21 poisoned darts
 m - 7 boomerangs
 R - a curare-tipped dart
Armour
 a - a +0 robe
 c - a +2 helmet (worn)
 h - a +0 buckler (worn)
 B - +0 steam dragon scales (worn)
 E - a +2 pair of boots (worn)
 U - a +1 cloak (worn)
Jewellery
 d - an amulet of magic regeneration (around neck)
 j - a ring of protection from cold
 k - a +4 ring of protection (left hand)
 p - a ring of protection from cold
 r - a +4 ring of protection (right hand)
Talismans
 o - a serpent talisman
Wands
 t - a wand of mindburst (13)
 D - a wand of polymorph (23)
 Q - a wand of digging (4)
Scrolls
 l - 5 scrolls of identify
 s - a scroll of torment
 x - a scroll of butterflies
 y - a scroll of poison
 C - a scroll of vulnerability
 G - 5 scrolls of teleportation
 L - 2 scrolls of blinking
Potions
 b - a potion of magic
 e - 2 potions of ambrosia
 u - a potion of attraction
 v - 3 potions of curing
 w - 2 potions of mutation
 z - 2 potions of degeneration {unknown}
 H - 4 potions of heal wounds
 K - 3 potions of might {unknown}
 N - a potion of berserk rage {unknown}
 S - 2 potions of brilliance {unknown}
 T - 2 potions of haste {unknown}
 W - a potion of invisibility {unknown}
Miscellaneous
 P - a condenser vane


   Skills:
 + Level 6.0 Fighting
 + Level 9.2 Dodging
 - Level 2.4 Stealth
 - Level 5.0 Shields
 - Level 3.0 Spellcasting
 - Level 9.0 Conjurations
 - Level 3.0 Air Magic
 - Level 8.0 Earth Magic
 * Level 6.4 Invocations


You had 2 spell levels left.
You knew the following spells:

 Your Spells              Type           Power      Damage    Failure   Level
a - Sandblast             Erth           86%        2d18      1%          1
b - Passwall              Erth           43%        N/A       1%          3
c - Stone Arrow           Conj/Erth      92%        3d12      1%          3
d - Brom's Barrelling Bo  Conj/Erth      46%        2d6       4%          4
e - Swiftness             Air            18%        N/A       14%         3

Your spell library contained the following spells:

 Spells                   Type           Power      Damage    Failure   Level
 Shock                    Conj/Air       100%       1d9       1%          1
 Leda's Liquefaction      Alch/Erth      11%        N/A       32%         4
 Petrify                  Alch/Erth      23%        N/A       32%         4
 Airstrike                Air            9%         2d(2-18)  43%         4
 Frozen Ramparts          Ice            6%         1d1       45%         3
 Conjure Ball Lightning   Conj/Air       16%        3x3d6     91%         6
 Metabolic Englaciation   Hex/Ice        1%         N/A       99%         5
 Discord                  Hex            1%         N/A       100%        8
 Disjunction              Tloc           1%         N/A       100%        8


Dungeon Overview and Level Annotations

Branches:
Dungeon (11/15)            Temple (1/1) D:4            Lair (1/5) D:10
    Orc (0/2) D:11

Altars:
Ashenzari
Cheibriados
Dithmenos
Elyvilon
Fedhas
Gozag
Hepliaklqana
Kikubaaqudgha
Makhleb
Nemelex Xobeh
Okawaru
Qazlal
Ru
Sif Muna
Trog
Uskayaw
Vehumet
Wu Jian
Xom
Yredelemnul
Zin
The Shining One

Shops:
D:5 (   D:6 [   D:8 ?

Portals:
Bazaar: D:11

Annotations:
D:8 exclusion: ugly thing
D:9 3 runed translucent doors, peterlawrence's ghost, novice MiFi


Message History

Your +1 spear of electrocution glows red for a moment.
As you read the scroll of enchant armour, it crumbles to dust.
Your +0 pair of boots glows green for a moment.
As you read the scroll of enchant armour, it crumbles to dust.
Your +1 pair of boots glows green for a while.
y - a scroll of poison A troll comes into view.
A troll is nearby!
The blast of sand hits the troll!
The troll is heavily wounded.
The troll shouts!
The blast of sand hits the troll!
The troll is severely wounded.
The troll bites you but does no damage. The troll misses you.
The troll closely misses you.
The blast of sand hits the troll!!
You kill the troll!
Sif Muna accepts your kill.
The troll leather armour is intact enough to wear.
Things that are here:
a +0 troll leather armour; a troll corpse You hear the stately tolling of a bell very nearby.
Found a stone staircase leading down.
Found a chain mail.
Found a flickering gateway to a bazaar.
Found a stone staircase leading down.
You see here a +0 chain mail.
Found a rapier.
You hear the stately tolling of a bell.
Okay, then.
You are engulfed in freezing vapours.
You are engulfed in freezing vapours.
Okay, then.
You feel much better.
You are engulfed in freezing vapours.
You enter the shallow water.
Moving in this stuff is going to be slow.
You are engulfed in freezing vapours.
You are engulfed in freezing vapours.
Ouch! That really hurt!
You die...

##### ### ##.○°## ###.#
#°°°°°## ###...##
#°°°@°°# #..##[.#
.###°°°☼°## ##.#...###
...°☼°#°°°####..#..#.#
....°°°#○°#.##.#.....##
......#.°°..###.......#
.............#.##......#
.............#.###.....#
.............## ##...##
.#.....[......###....###


There were no monsters in sight!

Vanquished Creatures
  A two-headed ogre (D:10)
  An ugly thing (D:9)
  A deep elf pyromancer (D:11)
  A komodo dragon (D:11)
  3 trolls
  A hornet (D:9)
  2 shadows (D:10)
  A wraith (D:10)
  3 yaks (D:9)
  2 vampire mosquitoes (D:9)
  A steam dragon (D:6)
  Edmund (D:4)
  An acid dragon (D:10)
  3 water moccasins
  A black bear (D:6)
  An ice beast (D:5)
  4 orc warriors
  3 sky beasts (D:7)
  3 ogres
  2 centaurs
  2 wolves (D:10)
  A phantom (D:5)
  A kobold brigand (D:9)
  4 gnoll sergeants
  4 bullfrogs
  2 scorpions (D:5)
  12 wights
  3 electric eels (D:10)
  2 bombardier beetles
  6 hounds
  10 orc priests
  4 jellies
  A gnoll bouda (D:7)
  2 iguanas
  Terence (D:2)
  10 orc wizards
  13 gnolls
  9 adders
  3 white imps
  3 dart slugs
  A ribbon worm (D:4)
  41 orcs
  4 endoplasms
  3 giant cockroaches
  5 goblins
  3 hobgoblins
  3 jackals (D:3)
  2 quokkas (D:1)
  7 ball pythons
  8 bats
  A frilled lizard (D:1)
  11 kobolds
  3 rats
221 creatures vanquished.

Vanquished Creatures (collateral kills)
  2 boulders (D:10)
2 creatures vanquished.

Vanquished Creatures (others)
  2 centaurs (D:11)
  3 boulders (D:9)
5 creatures vanquished.

Grand Total: 228 creatures vanquished

Notes
Turn   | Place    | Note
-------+----------+-------------------------------------------
     0 | D:1      | jasper the Deep Elf Earth Elementalist began the quest for
                  | the Orb.
     0 | D:1      | Reached XP level 1. HP: 10/10 MP: 6/6
   316 | D:1      | Reached XP level 2. HP: 15/15 MP: 6/8
   989 | D:2      | Reached XP level 3. HP: 19/19 MP: 7/9
   993 | D:2      | Learned a level 3 spell: Passwall
  1072 | D:2      | Noticed Terence
  1282 | D:3      | Reached skill level 5 in Earth Magic
  1286 | D:3      | Learned a level 3 spell: Stone Arrow
  1323 | D:3      | Reached XP level 4. HP: 24/24 MP: 8/10
  1677 | D:3      | Found an ornate altar of the Wu Jian Council.
  1859 | D:4      | Reached XP level 5. HP: 28/28 MP: 11/11
  1944 | D:4      | Found a staircase to the Ecumenical Temple.
  1953 | Temple   | Entered the Ecumenical Temple
  1962 | Temple   | Became a worshipper of Sif Muna the Loreminder
  2024 | D:4      | Noticed Edmund
  2253 | D:5      | Entered Level 5 of the Dungeon
  2270 | D:5      | Found Guqip's Hydra Hut.
  2275 | D:5      | Noticed an eight-headed hydra
  2305 | D:5      | Noticed a phantom
  2310 | D:5      | Killed a phantom
  2311 | D:5      | Reached XP level 6. HP: 32/32 MP: 10/12
  2316 | D:5      | Learned a level 4 spell: Brom's Barrelling Boulder
  2316 | D:5      | Noticed an ice beast
  2323 | D:5      | Killed an ice beast
  2429 | D:5      | Found a radiant altar of Vehumet.
  2455 | D:5      | Reached XP level 7. HP: 37/37 MP: 13/13
  2476 | D:5      | Reached skill level 1 in Fighting
  2476 | D:5      | Reached skill level 1 in Shields
  2551 | D:5      | Found a stormy altar of Qazlal.
  3083 | D:6      | Found a hide-covered altar of Uskayaw.
  3161 | D:6      | Found a shadowy altar of Dithmenos.
  3268 | D:6      | Reached XP level 8. HP: 44/44 MP: 14/14
  3326 | D:6      | Found a broken altar of Ashenzari.
  3392 | D:6      | Reached * piety under Sif Muna
  3393 | D:6      | Reached skill level 5 in Conjurations
  3757 | D:6      | Reached skill level 5 in Dodging
  3758 | D:6      | Identified the +3 spear "Vaonn" {venom, Dex+2 SInv Stlth+}
  3827 | D:6      | Found Raicsef's Armour Boutique.
  3942 | D:6      | Found a burning altar of Makhleb.
  4320 | D:7      | Reached XP level 9. HP: 51/51 MP: 13/15
  5051 | D:2      | Reached ** piety under Sif Muna
  5483 | D:2      | Killed Terence
  5579 | D:4      | Killed Edmund
  5675 | D:4      | Found a glowing golden altar of the Shining One.
  6143 | D:8      | Found Sijoleyg's Magic Scroll Boutique.
  6156 | D:8      | Bought a scroll of blinking for 105 gold pieces
  6156 | D:8      | Bought a scroll of immolation for 56 gold pieces
  6156 | D:8      | Bought a scroll of teleportation for 42 gold pieces
  6211 | D:8      | Found a snail-covered altar of Cheibriados.
  6213 | D:8      | Found a glowing silver altar of Zin.
  6298 | D:8      | Noticed a green ugly thing
  6363 | D:9      | Noticed a cyan ugly thing
  6370 | D:9      | Killed a cyan ugly thing
  6675 | D:9      | Identified the +4 great sword "Pasohem" {spect, rN+ Will+
                  | rCorr}
  6748 | D:9      | Reached XP level 10. HP: 23/58 MP: 3/16
  6877 | D:9      | Found an iron altar of Okawaru.
  6902 | D:9      | Reached skill level 1 in Invocations
  7057 | D:9      | Found a runed translucent gate.
  7057 | D:9      | Found a runed translucent gate.
  7057 | D:9      | Found a runed translucent gate.
  7060 | D:9      | Noticed a spectral centaur warrior
  7063 | D:9      | Noticed peterlawrence's ghost (novice MiFi)
  7205 | D:9      | Reached skill level 5 in Shields
  7226 | D:9      | Reached *** piety under Sif Muna
  7263 | D:9      | Reached skill level 5 in Fighting
  7267 | D:9      | Learned a level 3 spell: Swiftness
  7357 | D:9      | Found a sparkling altar of Nemelex Xobeh.
  7562 | D:10     | Entered Level 10 of the Dungeon
  7685 | D:10     | Reached skill level 1 in Air Magic
  7852 | D:10     | Noticed a two-headed ogre
  7864 | D:10     | Killed a two-headed ogre
  8014 | D:10     | Reached skill level 5 in Invocations
  8023 | D:10     | Found a staircase to the Lair.
  8385 | Lair:1   | Entered Level 1 of the Lair of Beasts
  8440 | D:11     | Found a staircase to the Orcish Mines.
  8443 | D:11     | Reached **** piety under Sif Muna
  8514 | D:11     | Noticed a deep elf pyromancer
  8535 | D:11     | Reached XP level 11. HP: 64/64 MP: 8/17
  8542 | D:11     | Killed a deep elf pyromancer
  8783 | D:11     | Found a flickering gateway to a bazaar.
  8822 | D:11     | Engulfed by a cloud of freezing vapour

Illustrated notes

Levels and vault maps discovered:
D:1:      saegor_arrival_miasma, layout_basic
D:2:      layout_loops_ring, kennysheep_nub, nrook_campfire, uniq_terence
D:3:      layout_basic, nicolae_wu_jian_glorious_leap
D:4:      layout_gridville, nicolae_tso_swordbearing_angel,
          lemuel_temple_firewalk_b, minmay_misc_feat_hallway,
          reono_crystal_passage, uniq_edmund
D:5:      layout_cave_pools, mainiacjoe_overflow_six_doors_small,
          nicolae_qazlal_eye_of_the_storm, doesnt_shop_hydraphobe
D:6:      layout_cave_pods, evilmike_ruin_ashenzari,
          mainiacjoe_overflow_alcove_1,
          nicolae_uskayaw_murder_on_the_dancefloor, lightli_temple_of_fire,
          serial_shops, nicolae_shop_just_a_little_nook
D:7:      layout_basic
D:8:      layout_basic, mainiacjoe_overflow_catwalk_spiral, serial_corexii_hall,
          corexii_hall_statues_x, chequers_hall_statues_y, serial_shops,
          nicolae_shop_tiny_waterfront
D:9:      layout_basic, general_overflow_altar, nemelex_diamond_rough_becter,
          gammafunk_ghost_necromancy, grunt_tough_drop
D:10:     layout_long_grid, erik_lair_island, serial_bayou_crossing
D:11:     layout_big_octagon, kennysheep_orc_monster_closet_entryway,
          serial_shops, freezing_bzr, shop, shop,
          nicolae_shop_overgrown_old_shop, hangedman_abyss_or_decor_lesser_grid
Temple:   nicolae_temple_two_arcs
Lair:1:   layout_gridlike

Skill      XL: |  1  2  3  4  5  6  7  8  9 10 11 |
---------------+----------------------------------+-----
Earth Magic    | 4 5 6 7 8 |  8.0
Conjurations   | 2 4 6 8 9 |  9.0
Fighting       | 2 3 4 5 6 |  6.0
Dodging        | 4 5 7 9 |  9.2
Shields        | 2 3 4 5 |  5.0
Invocations    | 5 6 |  6.4
Air Magic      | 3 |  3.0
Stealth        | |  2.4
Spellcasting   | |  3.0

Action                     |  1- 3 |  4- 6 |  7- 9 | 10-12 || total
---------------------------+-------+-------+-------+-------++-------
  Melee: Spear             |       |       |       |     2 ||     2
  Throw: Boomerang         |       |     1 |       |       ||     1
   Cast: Sandblast         |    38 |    50 |   166 |   113 ||   367
         Stone Arrow       |       |       |     7 |    19 ||    26
         Brom's Barrelling |       |       |     3 |     2 ||     5
 Invoke: Channel Magic     |       |       |       |     1 ||     1
  Evoke: Wand              |       |       |       |     4 ||     4
    Use: Scroll            |     6 |     2 |     6 |    10 ||    24
         Potion            |     1 |       |     1 |     1 ||     3
 Armour: Robe              |     7 |    14 |    28 |       ||    49
         Skin              |       |       |     6 |       ||     6
         Steam dragon scal |       |       |    21 |    39 ||    60
  Dodge: Dodged            |     5 |     5 |    51 |    49 ||   110
  Block: Buckler           |     1 |     2 |    24 |    19 ||    46
